cohdb
Replays
Latest Replays
All Replays
Popular Replays
Top Player Replays
Match Explorer
How It Works
Community
CoH3 Stats
Reddit
Sign in to upload your games and track your stats! →
Sign in with Steam
Match 43724558
Unlisted
Match 43724558
Overview
Messages
Build Orders
End
Construct Weapon Support Center
Selects Heavy Weapons
Engineer Squad
M1919 Machine Gun Team
Bazooka Squad
Bazooka Squad
Infantry Support Center
M1919 Machine Gun Team
Selects Assault Carriers
M3 Assault Carrier
Selects Exchangeable Parts
Construct Barracks
Sniper
Bazooka Squad
Bazooka Squad
Improved M9 Bazooka Rockets
Construct Motor Pool
Construct Medical Station
M8 Greyhound Armored Car
M8 Greyhound Armored Car
M1919 Machine Gun Team
Selects M2HB .50cal Heavy Machine Gun
Selects Gallant Stand
Selects Black Dragon Artillery Barrage
M8 Greyhound Armored Car
M24 Chaffee Light Tank
Moltke1871
medievs
Аферист Федерико
Fatal1ty
0
0
Comments
sign in to comment!
No comments posted yet!